 Dungeon Crawl Stone Soup version 0.30-b1-2-g02819fbbbe (webtiles) character file.

Game seed: 12251693954175890597

89 manyhoops the Cudgeller (level 4, 0/44 HPs)
             Began as an Ogre Gladiator on Nov 5, 2023.
             Slain by a gnoll
             ... wielding a +0 halberd
              (4 damage)
             ... on level 3 of the Dungeon.
             The game lasted 00:02:35 (2181 turns).

manyhoops the Cudgeller (Ogre Gladiator)            Turns: 2181, Time: 00:02:36

Health: 0/44       AC:  3    Str: 20    XL:     4   Next: 55%
Magic:  4/4        EV: 10    Int:  9    God:
Gold:   165        SH:  0    Dex: 10    Spells: 3/3 levels left

rFire   . . .        a - +0 flail
rCold   . . .        (no shield)
rNeg    . . .        b - +0 robe
rPois   .            c - +0 hat
rElec   .            (no cloak)
rCorr   .            (gloves unavailable)
SInv    .            (boots unavailable)
Will    .....        (no amulet)
Stlth   +            (no ring)
HPRegen 0.27/turn    (no ring)
MPRegen 0.09/turn

%: no passive effects
@: no status effects
A: large, unfitting armour, tough skin 1
a: no special abilities


You were on level 3 of the Dungeon.
You visited 1 branch of the dungeon, and saw 3 of its levels.

You collected 165 gold pieces.

Inventory:

Hand Weapons
 a - a +0 flail (weapon)
Missiles
 d - 2 throwing nets (quivered)
 e - a large rock
 m - 15 stones
 q - 2 poisoned darts
Armour
 b - a +0 robe (worn)
 c - a +0 hat (worn)
Jewellery
 r - a ring of wizardry
 u - a ring of protection from cold
Scrolls
 f - 3 scrolls of identify {unknown}
 g - a scroll of vulnerability {unknown}
 h - a scroll of acquirement {unknown}
 j - a scroll of teleportation {unknown}
 k - 2 scrolls of immolation {unknown}
 l - a scroll of poison {unknown}
 n - a scroll of amnesia {unknown}
 p - a scroll of magic mapping {unknown}
 s - a scroll of noise {unknown}
 t - a scroll of enchant weapon {unknown}
Potions
 i - a potion of flight {unknown}
 o - a potion of degeneration {unknown}


   Skills:
 - Level 2.6 Fighting
 + Level 4.7 Maces & Flails
 - Level 2.0 Throwing
 - Level 2.6 Dodging


You had 3 spell levels left.
You didn't know any spells.
Your spell library was empty.

Dungeon Overview and Level Annotations

Branches:
Dungeon (3/15)

Altars:


Innate Abilities, Weirdness & Mutations

You are too large for most types of armour.
You have tough skin. (AC +1)


Message History

a +0 flail; a +0 club; a gnoll corpse Throw: 3 throwing nets
Press: ? - help, Q - select action, (/) - cycle Shift-Dir - straight line, f - gnoll
Aim: a gnoll, wielding a +0 halberd (61% to hit)
You throw a throwing net. The throwing net hits the gnoll.
The gnoll is caught in the net!
The gnoll struggles against the net.
The gnoll struggles against the net.
You sock the gnoll!
The gnoll is severely wounded.
The gnoll struggles against the net.
You completely miss the gnoll.
The gnoll is severely wounded.
The gnoll struggles against the net.
You hit the gnoll.
The gnoll is almost dead.
The gnoll struggles against the net.
The net rips apart, and the gnoll comes free!
The gnoll closely misses you.
You completely miss the gnoll.
The gnoll is almost dead.
The gnoll hits you with a +0 halberd.
You completely miss the gnoll.
The gnoll is almost dead.
The gnoll closely misses you.
You hit the gnoll but do no damage.
The gnoll is almost dead.
The gnoll barely misses you.
You hit the gnoll but do no damage.
The gnoll is almost dead.
The gnoll closely misses you.
You hit the gnoll but do no damage.
The gnoll is almost dead.
The gnoll hits you with a +0 halberd.
You closely miss the gnoll.
The gnoll is almost dead.
The gnoll hits you with a +0 halberd!
* * * LOW HITPOINT WARNING * * *
The gnoll hits you with a +0 halberd.
You die...

.. .. ..g #. #g###.
....#....# #...#.
........ ...... .......
#.#... ...... #.....###
##.....
#....##########...#
#..#......@g....#.#######
#.....#########..........
#.###.## #.#.######. #.
#..### ###.#..#### #.
##...####.†.##....### #
###....#†#######...###
####...## ####.....
####....####........
#............###....


You could see a gnoll.

Vanquished Creatures
  Jessica (D:2)
  2 gnolls (D:3)
  2 dart slugs
  7 ball pythons
  An endoplasm (D:1)
  6 giant cockroaches
  6 hobgoblins (D:1)
  A quokka (D:1)
  3 bats
  A frilled lizard (D:1)
  A goblin (D:1)
  5 kobolds
  3 rats
39 creatures vanquished.

Notes
Turn   | Place    | Note
-------+----------+-------------------------------------------
     0 | D:1      | manyhoops the Ogre Gladiator began the quest for the Orb.
     0 | D:1      | Reached XP level 1. HP: 22/22 MP: 1/1
    73 | D:1      | Reached skill level 3 in Maces & Flails
   173 | D:1      | Reached XP level 2. HP: 27/29 MP: 2/2
   734 | D:1      | Reached XP level 3. HP: 36/36 MP: 3/3
  1104 | D:2      | Found a faded altar of an unknown god.
  1523 | D:2      | Reached skill level 4 in Maces & Flails
  1631 | D:2      | Noticed Jessica
  1642 | D:2      | Killed Jessica
  1643 | D:2      | Reached XP level 4. HP: 7/44 MP: 4/4
  2181 | D:3      | Slain by a gnoll

Illustrated notes

Levels and vault maps discovered:
D:1:      evilmike_arrival_fibonacci_small, layout_loops_corners
D:2:      layout_basic, ebering_ecumenical_altar_box, uniq_jessica
D:3:      layout_rooms, uniq_crazy_yiuf_cottage

Skill      XL: |  1  2  3 |
---------------+----------+-----
Maces & Flails | 3 4 |  4.7
Fighting       | |  2.6
Throwing       | |  2.0
Dodging        | |  2.6

Action                     |  1- 3 |  4- 6 || total
---------------------------+-------+-------++-------
  Melee: Flail             |    96 |    24 ||   120
  Throw: Throwing net      |     3 |     1 ||     4
         Large rock        |     1 |       ||     1
 Armour: Robe              |    32 |     2 ||    34
  Dodge: Dodged            |    67 |     9 ||    76
